cohdb
Replays
Latest Replays
All Replays
Popular Replays
Top Player Replays
Match Explorer
How It Works
Community
CoH3 Stats
Reddit
Sign in to upload your games and track your stats! →
Sign in with Steam
Match 45390326
Unlisted
Match 45390326
Overview
Messages
Build Orders
End
Panzerpioneer Squad
Selects Italian Combined Arms Battlegroup
Selects Bersaglieri Squad
Bersaglieri Squad
Bersaglieri Squad
Construct Light Support Kompanie
Selects Bersaglieri Bolster
Bersaglieri Squad
Fire Support Elements
Flakvierling Half-track
2.5-tonne Medical Truck
Tungsten Core Ammunition
Qhunter
Negan
FLOKL
DoMxNightM4rE
Geffery
💧||CheckO||💧
0
0
Comments
sign in to comment!
No comments posted yet!